 Dungeon Crawl Stone Soup version 0.31.0 (webtiles) character file.

Game seed: 3597220684354205979

441 Sweeb the Magician (level 7, -3/41 HPs)
             Began as an Octopode Fire Elementalist on Jan 20, 2024.
             Slain by an orc wizard
             ... wielding a +1 dagger of protection
              (5 damage)
             ... on level 4 of the Dungeon.
             The game lasted 00:10:09 (3382 turns).

Sweeb the Magician (Octopode Fire Elementalist)     Turns: 3382, Time: 00:10:09

Health: -3/41      AC:  1    Str:  7    XL:     7   Next: 2%
Magic:  0/13       EV: 14    Int: 19    God:
Gold:   173        SH:  0    Dex: 13    Spells: 11/14 levels left

rFire   . . .        e - +1 dagger (vamp)
rCold   . . .        b - orb {guile}
rNeg    . . .        (helmet restricted)
rPois   .            (no amulet)
rElec   .            (no ring)
rCorr   .            (no ring)
SInv    .            (no ring)
Will    .....        (no ring)
Stlth   +++          (no ring)
HPRegen 0.26/turn    (no ring)
MPRegen 0.13/turn    (no ring)
                     (no ring)

%: no passive effects
@: no status effects
A: almost no armour, amphibious, 8 rings, camouflage 1, gelatinous body 1,
(nimble swimmer 1), tentacles
a: no special abilities


You were on level 4 of the Dungeon.
You visited 1 branch of the dungeon, and saw 4 of its levels.

You collected 173 gold pieces.

Inventory:

Hand Weapons
 e - a +1 vampiric dagger (weapon)
Missiles
 m - a throwing net
Armour
 b - an orb of guile (worn)
Wands
 g - a wand of flame (22)
Scrolls
 a - 2 scrolls of enchant armour
 d - 2 scrolls of fog
 f - 2 scrolls of immolation
 h - a scroll of teleportation
 j - a scroll of identify
Potions
 c - a potion of attraction
 i - a potion of degeneration
 k - a potion of resistance {unknown}
 l - a potion of lignification


   Skills:
 + Level 3.6 Dodging
 - Level 2.7 Stealth
 * Level 4.4 Spellcasting
 + Level 3.2 Conjurations
 + Level 4.2 Fire Magic


You had 11 spell levels left.
You knew the following spells:

 Your Spells              Type           Power      Damage    Failure   Level
a - Foxfire               Conj/Fire      72%        2x1d7     2%          1
b - Scorch                Fire           40%        2d6       3%          2

Your spell library contained the following spells:

 Spells                   Type           Power      Damage    Failure   Level
 Momentum Strike          Conj/Tloc      20%        3d8       11%         2
 Apportation              Tloc           8%         N/A       13%         1
 Freeze                   Ice            16%        1d4       13%         1
 Inner Flame              Hex/Fire       12%        N/A       16%         3
 Volatile Blastmotes      Fire/Tloc      24%        2d12      16%         3
 Blink                    Tloc           8%         N/A       21%         2
 Jinxbite                 Hex            8%         N/A       21%         2
 Lesser Beckoning         Tloc           8%         N/A       21%         2
 Hailstorm                Conj/Ice       10%        3d6       21%         3
 Flame Wave               Conj/Fire      18%        2d7       28%         4
 Frozen Ramparts          Ice            8%         1d2       36%         3
 Fugue of the Fallen      Necr           4%         N/A       36%         3
 Ozocubu's Armour         Ice            4%         N/A       36%         3
 Manifold Assault         Tloc           4%         N/A       78%         4
 Vhi's Electric Charge    Tloc/Air       8%         N/A       78%         4
 Arcjolt                  Conj/Air       5%         1d15      88%         5
 Irradiate                Conj/Alch      5%         3d13      88%         5
 Alistair's Intoxication  Alch           2%         N/A       98%         5
 Ignition                 Fire           10%        3d5       100%        8
 Maxwell's Capacitive Co  Air            2%         ∞         100%        8


Dungeon Overview and Level Annotations

Branches:
Dungeon (4/15)
 Temple: D:4-7

Altars:
Nemelex Xobeh


Innate Abilities, Weirdness & Mutations

You cannot wear most types of armour.
You are amphibious.
You can wear up to eight rings at the same time.
Your skin changes colour to match your surroundings (Stealth+).
Your rubbery body absorbs attacks. (AC +1, EV +1)
((You are camouflaged when in or above water. (Stealth+)))
You have tentacles for arms and can constrict up to eight enemies at once.


Message History

Confirm with . or Enter, or press ? or * to list all spells.
You can't see any susceptible monsters within range! (Use Z to cast anyway.)
Casting: Scorch (safe; 3% risk of failure)
Confirm with . or Enter, or press ? or * to list all spells.
Flames lash something but do no damage.
You hear a bark!
Something barely misses you.
Casting: Scorch (safe; 3% risk of failure)
Confirm with . or Enter, or press ? or * to list all spells.
You can't see any susceptible monsters within range! (Use Z to cast anyway.)
Casting: Scorch (safe; 3% risk of failure)
Confirm with . or Enter, or press ? or * to list all spells.
Flames lash something.
Something hits you.
You conjure some foxfire!
Something barely misses you.
Your foxfire dissipates!
The foxfire hits something but does no damage.
Something hits you.
Casting: Foxfire (safe; 2% risk of failure)
Confirm with . or Enter, or press ? or * to list all spells.
Okay, then.
You hit something but do no damage. Something hits you.
You closely miss something. Your squeeze misses something. Something hits you.
You miss something. Your squeeze misses something. Something hits you.
You miss something. Your squeeze misses something. Something barely misses you.
You hit something but do no damage.
You hear some strange, mumbled words.
A magic dart appears from out of thin air!
The magic dart hits you!
* * * LOW HITPOINT WARNING * * *
Casting: Foxfire (safe; 2% risk of failure)
Confirm with . or Enter, or press ? or * to list all spells.
You can't see any susceptible monsters within range! (Use Z to cast anyway.)
Casting: Foxfire (safe; 2% risk of failure)
Confirm with . or Enter, or press ? or * to list all spells.
Flames lash something.
You hear a bark!
Something hits you.
* * * LOW HITPOINT WARNING * * *
You closely miss something. Something hits you.
You die...

#..# #..# #..#
#..########
#.###.........#
#.............###.
######..####......
#.{.....<..[..####
#@#####.####......
#.# #.# #.##### #.#
#.# #.#
##########.### #.#
#.# #............#
#.# #.#
#.########.#.###.#
#.# #.#
#....##.####.#####
#.#
#................#
#.#
####.###.###.##.###.#


There were no monsters in sight!

Vanquished Creatures
  A phantom (D:4)
  Blork the orc (D:4)
  A howler monkey (D:4)
  2 hounds (D:4)
  2 iguanas (D:4)
  2 orc wizards
  3 adders
  A ribbon worm (D:2)
  6 orcs
  7 ball pythons
  6 endoplasms
  5 giant cockroaches
  4 goblins
  5 hobgoblins
  3 jackals (D:2)
  5 kobolds
  2 quokkas
  5 bats
  3 frilled lizards
  2 rats
66 creatures vanquished.

Vanquished Creatures (collateral kills)
  A foxfire (D:1)
1 creature vanquished.

Vanquished Creatures (others)
  111 foxfires
111 creatures vanquished.

Grand Total: 178 creatures vanquished

Notes
Turn   | Place    | Note
-------+----------+-------------------------------------------
     0 | D:1      | Sweeb the Octopode Fire Elementalist began the quest for
                  | the Orb.
     0 | D:1      | Reached XP level 1. HP: 11/11 MP: 3/3
   274 | D:1      | Reached XP level 2. HP: 10/17 MP: 3/5
  1137 | D:2      | Reached XP level 3. HP: 21/21 MP: 4/6
  1764 | D:3      | Learned a level 2 spell: Scorch
  1873 | D:3      | Reached XP level 4. HP: 27/27 MP: 3/8
  2287 | D:3      | HP: 1/27 [something (2)]
  2305 | D:3      | HP: 1/27 [something (1)]
  2461 | D:4      | Noticed Blork the orc
  2476 | D:4      | Killed Blork the orc
  2477 | D:4      | Reached XP level 5. HP: 8/31 MP: 4/10
  2517 | D:4      | Reached XP level 6. HP: 22/36 MP: 6/11
  2710 | D:4      | Found a sparkling altar of Nemelex Xobeh.
  3372 | D:4      | Reached XP level 7. HP: 25/41 MP: 5/13
  3381 | D:4      | HP: 2/41 [something (4)]
  3382 | D:4      | Slain by an orc wizard

Illustrated notes

Levels and vault maps discovered:
D:1:      giann_wishing_wells, layout_loops_cross, serial_bayou,
          serial_bayou_pond_e, serial_bayou_lake_a, serial_bayou_shore_b,
          serial_bayou_crossing, serial_bayou_shore_b, serial_bayou_ford_a
D:2:      layout_basic
D:3:      layout_basic
D:4:      layout_loops_ring, old_standard_altar, mainiacjoe_overflow_two_lobes,
          minmay_temple_entry_overgrown, lightli_corner_chamber,
          uniq_blork_the_orc

Skill      XL: |  1  2  3  4  5  6 |
---------------+-------------------+-----
Spellcasting   | 3 4 |  4.4
Conjurations   | 2 3 |  3.2
Dodging        | 3 |  3.6
Fire Magic     | 4 |  4.2
Stealth        | |  2.7

Action                     |  1- 3 |  4- 6 |  7- 9 || total
---------------------------+-------+-------+-------++-------
  Melee: Unarmed           |    15 |       |       ||    15
         Constrict         |    13 |     4 |       ||    17
         Tentacles         |     9 |     2 |       ||    11
         Dagger            |    24 |    25 |     6 ||    55
   Cast: Foxfire           |    51 |    30 |     1 ||    82
         Scorch            |     2 |    35 |     3 ||    40
    Use: Scroll            |     6 |     3 |       ||     9
         Potion            |       |     6 |       ||     6
 Armour: Skin              |    24 |    70 |     8 ||   102
  Dodge: Dodged            |    35 |    40 |     3 ||    78
